 Dungeon Crawl Stone Soup version 0.19-a0-1493-gd0fcaa6 (webtiles) character file.

246 sveltemanboy the Slasher (level 5, 0/38 HPs)
             Began as a Demonspawn Gladiator on Sept 10, 2016.
             Was an Initiate of Ashenzari.
             Slain by Grinder (4 damage)
             ... on level 4 of the Dungeon.
             The game lasted 00:08:43 (3198 turns).

sveltemanboy the Slasher (Demonspawn Gladiator)     Turns: 3198, Time: 00:08:44

Health: 0/38       AC:  7    Str: 17    XL:     5   Next: 84%
Magic:  16/16      EV: 12    Int:  9    God:    Ashenzari [......]
Gold:   145        SH:  4    Dex: 13    Spells: 0 memorised, 6 levels left

rFire  . . .     SeeInvis .     a - +0 long sword
rCold  . . .     Gourm    +     e - +0 ring mail
rNeg   . . .     Faith    .     (no shield)
rPois  .         Spirit   .     (helmet restricted)
rElec  .         Dismiss  .     (no cloak)
rCorr  +         Reflect  .     (no gloves)
MR     .....     Harm     .     u - +1 pair of boots
Stlth  ++........               r - amulet of the gourmand
                                v - ring of magical power
                                j - ring of resist corrosion

@: no status effects
A: horns 1, large bone plates 1, nightstalker 1
a: Curse Item, Renounce Religion


You were on level 4 of the Dungeon.
You worshipped Ashenzari.
Ashenzari was noncommittal.
You were not hungry.

You visited 1 branch of the dungeon, and saw 4 of its levels.

You collected 145 gold pieces.

Inventory:

Hand Weapons
 a - a +0 long sword (weapon)
Missiles
 c - 137 stones
 k - 9 tomahawks (quivered)
Armour
 e - a +0 ring mail (worn)
 u - a +1 pair of boots (worn)
Jewellery
 j - a ring of resist corrosion (left hand)
 r - an amulet of the gourmand (around neck)
 v - a ring of magical power (right hand)
Scrolls
 h - a scroll of fear {unknown}
 l - 2 scrolls of amnesia {unknown}
 m - a scroll of recharging {unknown}
 o - a scroll of identify {unknown}
 p - a scroll of random uselessness {unknown}
 q - a scroll of teleportation {unknown}
 w - a scroll of enchant armour {unknown}
Potions
 b - 3 potions of curing
 d - a potion of invisibility {unknown}
 g - a potion of lignification {unknown}
 i - 2 potions of heal wounds {unknown}
 n - 2 potions of flight {unknown}
 t - a potion of degeneration {unknown}
Comestibles
 f - 2 bread rations
 s - 2 fruits


   Skills:
 - Level 2.0 Fighting
 * Level 5.1 Long Blades
 - Level 1.7 Throwing
 - Level 2.0 Armour
 + Level 2.7 Dodging
 + Level 1.0 Stealth
 - Level 1.3 Spellcasting


You had 6 spell levels left.
You didn't know any spells.

Dungeon Overview and Level Annotations

Branches:
Dungeon (4/15)
 Temple: D:4-7

Altars:
Ashenzari
Yredelemnul
The Shining One

Annotations:
D:4 Grinder


Innate Abilities, Weirdness & Mutations

You have a pair of small horns on your head.
You are partially covered in large bone plates. (SH +4)
You are slightly more attuned to the shadows.


Message History

Okay, then.
Quiver which item? (- for none, * to show all) (? for menu, Esc to quit)
Quivering
k - 10 tomahawks for throwing.
Throwing (i - inventory. (,) - cycle):
k - 10 tomahawks (quivered)
Press: ? - help, Shift-Dir - straight line, f - Grinder
Aim: Grinder (unusually strong)
You throw a tomahawk. The tomahawk closely misses Grinder.
The tomahawk hits the withered plant but does no damage.
You hit Grinder but do no damage. You headbutt Grinder!
Grinder is moderately wounded.
Grinder hits you!
You barely miss Grinder.
Grinder is moderately wounded.
Grinder hits you.
You writhe in agony.
Grinder hits you.
You closely miss Grinder. Your headbutt misses Grinder.
Grinder is lightly wounded.
Grinder hits you!
* * * LOW HITPOINT WARNING * * *
You writhe in agony.
You die...

## ##...#########.#
.#####..#..##.......#
.......###.......#..#
######..#..##.#.....#
#######....##.#.P.P.#
....# ##........._..#
###.####^#.##...P.P.#
# #...........#.5...#
# #######......>@##.#
# #.#########)# # #.#
#5####.# # #.#
#)).s5.# # #.######
######.#
#########......####
.......##......#...
#####...#........(
##.###.......#.


You could see Grinder.

Vanquished Creatures
  A scorpion (D:3)
  A gnoll (D:1)
  7 adders
  2 worms (D:2)
  6 giant geckos
  10 orcs
  16 giant cockroaches
  14 goblins
  13 hobgoblins
  3 jackals (D:3)
  2 ball pythons
  6 bats
  A giant newt (D:2)
  11 kobolds
  2 rats (D:2)
95 creatures vanquished.

Notes
Turn   | Place    | Note
-------+----------+-------------------------------------------
     0 | D:1      | sveltemanboy the Demonspawn Gladiator began the quest for the Orb.
     0 | D:1      | Reached XP level 1. HP: 16/16 MP: 1/1
    46 | D:1      | Reached skill level 3 in Long Blades
    46 | D:1      | Gained mutation: You have a pair of small horns on your head. [demonic ancestry]
    46 | D:1      | Reached XP level 2. HP: 17/22 MP: 2/2
   390 | D:1      | Reached skill level 1 in Armour
  1124 | D:2      | Gained mutation: You are slightly more attuned to the shadows. [demonic ancestry]
  1124 | D:2      | Reached XP level 3. HP: 20/27 MP: 3/3
  1357 | D:2      | Found a shattered altar of Ashenzari.
  1379 | D:2      | Became a worshipper of Ashenzari the Shackled
  1443 | D:2      | Gained mutation: You are partially covered in large bone plates. (SH +4) [demonic ancestry]
  1443 | D:2      | Reached XP level 4. HP: 33/33 MP: 4/4
  1657 | D:2      | Reached skill level 4 in Long Blades
  2278 | D:3      | Reached skill level 1 in Spellcasting
  2278 | D:3      | Reached XP level 5. HP: 37/38 MP: 5/7
  2601 | D:3      | Reached skill level 1 in Stealth
  2667 | D:3      | Reached skill level 5 in Long Blades
  2948 | D:4      | Found a glowing golden altar of the Shining One.
  3040 | D:4      | Found a basalt altar of Yredelemnul.
  3184 | D:4      | Noticed Grinder
  3198 | D:4      | Slain by Grinder

Vault maps used:
D:1:      saegor_arrival_simple_d
D:2:      minmay_door_path, ashenzari_altar_1, first_bread
D:3:      minmay_roachtagon, st_stairs_14
D:4:      yredelemnul_altar_generic, lemuel_crystal_altar, serial_shops,
          kennysheep_little_box, lemuel_blue_sif_altar, uniq_grinder

Skill      XL: |  1  2  3  4  5 |
---------------+----------------+-----
Long Blades    | 3 4 5 |  5.1
Armour         | 1 2 |  2.0
Spellcasting   | 1 |  1.3
Stealth        | 1 |  1.0
Fighting       | |  2.0
Throwing       | |  1.7
Dodging        | |  2.7

Action                   |  1- 3 |  4- 6 || total
-------------------------+-------+-------++-------
Melee: Long sword        |    79 |   201 ||   280
       Headbutt          |     9 |    37 ||    46
Throw: Throwing net      |     5 |     2 ||     7
       Tomahawk          |       |    14 ||    14
       Stone             |       |     6 ||     6
  Use: Potion            |     1 |       ||     1
 Stab: Sleeping          |     2 |     6 ||     8
  Eat: Chunk             |     2 |     9 ||    11
Armor: Ring mail         |    14 |    45 ||    59
       Leather armour    |     2 |       ||     2
Dodge: Dodged            |    29 |    75 ||   104
Block: Other             |       |    16 ||    16
